 Dungeon Crawl Stone Soup version 0.16.2-2-g470672f (webtiles) character file.

133 CcS the Firebug (level 4, 0/33 HPs)
             Began as a Demigod Fire Elementalist on Sept 5, 2015.
             Killed from afar by an orc wizard (10 damage)
             ... with a puff of frost
             ... on level 3 of the Dungeon.
             The game lasted 00:06:22 (3259 turns).

CcS the Firebug (Demigod Fire Elementalist)         Turns: 3259, Time: 00:06:22

Health: 0/33       AC:  3    Str: 13      XL:     4   Next: 64%
Magic:  4/9        EV: 12    Int: 19      God:
Gold:   101        SH:  0    Dex: 15 (16) Spells: 1 memorised, 5 levels left

rFire  . . .     SeeInvis .     s - +0 dagger (venom)
rCold  . . .     Clarity  .     a - +0 robe
rNeg   . . .     SustAb   +     (no shield)
rPois  .         Gourm    .     (no helmet)
rElec  .         Spirit   .     f - +0 cloak
rCorr  .         Warding  .     (no gloves)
rMut   .         Stasis   .     (no boots)
MR     .....                    (no amulet)
Stlth  ++........               (no ring)
                                (no ring)

@: drained, not resistant to hostile enchantments, unstealthy
A: sustain abilities
a: no special abilities


You were on level 3 of the Dungeon.
You were not hungry.

You visited 1 branch of the dungeon, and saw 3 of its levels.

You collected 101 gold pieces.

Inventory:

Hand weapons
 i - a +0 club
   (You took it off a hobgoblin on level 1 of the Dungeon)
 k - a +0 dagger
   (You took it off a goblin on level 1 of the Dungeon)
 s - a +0 dagger of venom (weapon)
   (You took it off a goblin on level 2 of the Dungeon)
Armour
 a - a +0 robe (worn)
 f - a +0 cloak (worn)
   (You found it on level 1 of the Dungeon)
Scrolls
 d - 3 scrolls of remove curse {unknown}
 e - a scroll of blinking {unknown}
 l - a scroll of recharging {unknown}
 o - a scroll of enchant armour {unknown}
 p - a scroll of immolation {unknown}
 r - 4 scrolls of fear {unknown}
Potions
 h - a potion of curing {unknown}
 m - a potion of degeneration {!q}
 n - a potion of might
 q - a potion of mutation {unknown}
Books
 b - a book of Flames
Comestibles
 c - 4 bread rations {@e1}
 g - a slice of pizza


   Skills:
 - Level 1.7(1.5) Dodging
 - Level 1.7(1.5) Stealth
 - Level 1.7(1.5) Spellcasting
 + Level 3.5(3.3) Conjurations
 + Level 3.7(3.5) Fire Magic


You had 5 spell levels left.
You knew the following spells:

 Your Spells              Type           Power        Failure   Level  Hunger
a - Flame Tongue          Conj/Fire      ##...        6%          1    ##.....


Dungeon Overview and Level Annotations

Branches:
Dungeon (3/15)

Annotations:
D:2 exclusion: Sigmund, Sigmund
D:3 Robin


Innate Abilities, Weirdness & Mutations

Your attributes are resistant to harm.


Message History

You regained 9 hp, and now have 32/33 hp.
Unknown command.
There is a stone staircase leading down here.
You climb downwards.
Level annotation: Robin
There is a stone staircase leading up here.
Unknown command.
Health restored: 33
r - 4 scrolls labeled WIRISS RIETODIE (gained 1)
d - 3 scrolls labeled URUUNATERO (gained 1)
You don't know that spell.
Aim: a bat (resting)
You miscast Flame Tongue.
You are very lightly contaminated with residual magic.
The air around you crackles with energy!
You now have 8/9 mp.
Aim: a bat (resting)
The flame tongue hits the bat.
The bat hits you but does no damage. The bat barely misses you.
The bat completely misses you.
You now have 7/9 mp.
You hit the bat.
You kill the bat!
No target in view!
You see here a bat corpse.
You butcher the bat corpse.
j - a chunk of flesh {@w0} You see here a bat skeleton.
You start resting.
Eating a chunk of flesh {@w0}.
You continue eating. x2
MP restored: 9 Unknown command.
Your magical contamination has completely faded away.
An adder comes into view.
The orc shouts!
An orc comes into view. It is wielding a flail.
An orc comes into view. It is wielding a short sword.
The orc shouts!
You hear a shout!
The orc shouts!
The orc shouts!
You see here a bread ration {@e1}.
c - 4 bread rations {@e1} (gained 1)
Aim: an adder You miscast Flame Tongue.
You are very lightly contaminated with residual magic.
Nothing appears to happen.
The adder bites you.
You are poisoned.
The adder poisons you!
An orc wizard comes into view. It is wielding a dagger of draining.
You take 2 damage, and have 31/33 hp.
You now have 8/9 mp.
You feel sick. The adder closely misses you.
You take 1 damage, and have 30/33 hp.
Aim: an adder The flame tongue hits the adder.
The orc misses you. The adder closely misses you.
You now have 7/9 mp.
You feel sick.
You take 1 damage, and have 29/33 hp.
Aim: an adder (moderately wounded)
The flame tongue misses the adder.
The flame tongue misses the orc.
The flame tongue hits the orc.
You kill the orc!
The adder closely misses you.
You now have 6/9 mp.
You feel sick. The adder bites you.
You take 5 damage, and have 24/33 hp.
Aim: an adder (moderately wounded)
The flame tongue hits the adder.
The adder closely misses you. The orc completely misses you.
You now have 5/9 mp.
Aim: an adder (heavily wounded)
The flame tongue misses the adder.
The adder bites you but does no damage. The orc hits you with a short sword.
You take 5 damage, and have 19/33 hp.
You now have 4/9 mp.
The adder barely misses you.
Aim: an adder (heavily wounded)
The flame tongue hits the adder.
You feel sick. The orc completely misses you.
The orc wizard hits you with a dagger of draining.
You feel drained. The adder misses you. The orc closely misses you.
You take 5 damage, and have 14/33 hp.
You now have 4/9 mp.
The orc barely misses you.
Aim: an adder (severely wounded)
The flame tongue hits the adder.
You kill the adder!
The orc barely misses you. The orc hits you with a short sword.
You take 3 damage, and have 12/33 hp.
You now have 3/9 mp.
You feel sick.
You take 1 damage, and have 11/33 hp.
A jackal comes into view.
The jackal moves out of view.
You feel sick.
You take 1 damage, and have 10/33 hp.
The orc wizard mumbles some strange words.
You feel a wave of unholy energy pass over you.
The orc wizard mumbles some strange words.
The orc wizard seems to speed up.
Your magical contamination has completely faded away.
You feel sick.
You are no longer poisoned.
The orc wizard points at you and mumbles some strange words.
The puff of frost hits you!
You die...

...##. #. #.. ..... ..
#...... .##....
.###........ #......# ...
........ #..#..# #.#
....... .....####.#
#......
##...o..####...... ###
##.......o.......#. .
#.....#<@...oo.#...†.#...
.. #.......##..#..#...#..
.# .
#.###.........##.....)
.###.#
........#......##.....#
....... #..
#####.#......##...###
(...... . #........##...#
....#.. #....##..#.##÷..#
........
#..####...#......# ....#
#. #...####...#


You could see an orc wizard and 3 orcs.

Vanquished Creatures
  8 adders
  A giant mite (D:1)
  2 giant geckos
  An orc (D:3)
  6 bats
  3 giant cockroaches (D:2)
  5 hobgoblins
  2 giant newts (D:1)
  9 goblins
  7 kobolds
  2 quokkas (D:2)
  3 rats
49 creatures vanquished.

Notes
Turn   | Place    | Note
--------------------------------------------------------------
     0 | D:1      | CcS, the Demigod Fire Elementalist, began the quest for the Orb.
     0 | D:1      | Reached XP level 1. HP: 14/14 MP: 3/3
    40 | D:1      | Reached skill level 1 in Conjurations
   121 | D:1      | HP: 1/14 [hobgoblin/club (3)]
   594 | D:1      | Reached skill level 2 in Conjurations
   594 | D:1      | Reached XP level 2. HP: 20/20 MP: 1/4
  1549 | D:2      | Reached XP level 3. HP: 26/26 MP: 5/7
  1599 | D:2      | Noticed Sigmund
  1681 | D:1      | Reached skill level 3 in Fire Magic
  2027 | D:2      | Reached skill level 3 in Conjurations
  2266 | D:2      | HP: 6/26 [adder (3)]
  2271 | D:2      | Reached XP level 4. HP: 25/33 MP: 1/9
  2777 | D:3      | Noticed Robin
  3259 | D:3      | Killed from afar by an orc wizard

Action                   |  1- 3 |  4- 6 || total
-------------------------+-------+-------++-------
Melee: Club              |     1 |       ||     1
       Dagger            |    13 |     2 ||    15
 Cast: Flame Tongue      |    68 |    38 ||   106
  Use: Potion            |     3 |       ||     3
  Eat: Chunk             |     5 |     4 ||     9

Vault maps used:
D:1:      dpeg_arrival_lava_temple_mockup, st_stairs_14
D:2:      uniq_crazy_yiuf_cottage, uniq_sigmund
D:3:      gup_sewer_entry_glass, uniq_robin

Table legend:
 A = Turns spent in this place as a percentage of turns spent in the entire game.
 B = Non-inter-level travel turns spent in this place as a percentage of non-inter-level travel turns spent in the entire game.
 C = Inter-level travel turns spent in this place as a percentage of turns spent in this place.
 D = Turns resting spent in this place as a percentage of non-inter-level travel turns spent in this place.
 E = Turns spent auto-exploring this place as a percentage of non-inter-level travel turns spent in this place.
 F = Non-inter-level travel turns spent in this place divided by the number of levels of this place that you've seen.
                   A       B       C       D       E      F
               +-------+-------+-------+-------+-------+----------------------
         Total | 100.0 | 100.0 |   0.9 |   7.3 |   6.6 | 264.3
       Dungeon | 100.0 | 100.0 |   0.9 |   7.3 |   6.6 | 264.3
               +-------+-------+-------+-------+-------+----------------------

Table legend:
 A = Kills in this place as a percentage of kills in entire the game.
 B = Kills by you in this place as a percentage of kills by you in the entire game.
 C = Kills by friends in this place as a percentage of kills by friends in the entire game.
 D = Other kills in this place as a percentage of other kills in the entire game.
 E = Experience gained in this place as a percentage of experience gained in the entire game.
 F = Experience gained in this place divided by the number of levels of this place that you have seen.
                   A       B       C       D       E      F
               +-------+-------+-------+-------+-------+----------------------
         Total | 100.0 | 100.0 |  -nan |  -nan | 100.0 |  63.7
       Dungeon | 100.0 | 100.0 |  -nan |  -nan | 100.0 |  63.7
               +-------+-------+-------+-------+-------+----------------------
